 Dungeon Crawl Stone Soup version 0.22-a0-570-g58866f5 (webtiles) character file.

1122 Hebeh the Chopper (level 8, -1/70 HPs)
             Began as a Minotaur Fighter on June 30, 2018.
             Slain by an orc warrior
             ... wielding a +0 halberd
              (7 damage)
             ... on level 6 of the Dungeon.
             The game lasted 00:24:36 (4534 turns).

Hebeh the Chopper (Minotaur Fighter)                Turns: 4534, Time: 00:24:37

Health: -1/70      AC:  8    Str: 23    XL:     8   Next: 12%
Magic:  8/8        EV:  7    Int:  5    God:
Gold:   261        SH: 10    Dex: 10    Spells: 7/7 levels left

rFire    . . .     SeeInvis .   a - +3 war axe
rCold    . . .     Gourm    .   c - +0 shield
rNeg     . . .     Faith    .   w - +0 scale mail
rPois    .         Spirit   .   (helmet restricted)
rElec    .         Reflect  .   (no cloak)
rCorr    .         Harm     .   y - +0 pair of gloves
MR       +....                  (no boots)
Stlth    ..........             (no amulet)
HPRegen  0.21/turn              g - ring of protection from magic
MPRegen  0.11/turn              (no ring)

@: slowed, drained, very slow
A: retaliatory headbutt, horns 2
a: no special abilities


You were on level 6 of the Dungeon.
You were not hungry.

You visited 1 branch of the dungeon, and saw 6 of its levels.

You collected 261 gold pieces.

Inventory:

Hand Weapons
 a - a +3 war axe (weapon)
 b - the +6 hunting sling "Jinum" {venom, Int+2}
   (You found it on level 5 of the Dungeon)

   It poisons the ammo it fires.
   It affects your intelligence (+2).
 z - a +2 mace of crushing
 E - a +2 whip of venom
 F - a +2 vampiric war axe
Missiles
 x - 11 sling bullets
Armour
 c - a +0 shield (worn)
 w - a +0 scale mail (worn)
 y - a +0 pair of gloves (worn)
Jewellery
 g - a ring of protection from magic (left hand)
Wands
 A - a wand of enslavement (10)
 C - a wand of disintegration (20)
 G - a wand of acid (7)
Scrolls
 e - a scroll of immolation
 h - 4 scrolls of identify
 j - 2 scrolls of amnesia
 k - a scroll of magic mapping {unknown}
 n - a scroll of random uselessness {unknown}
 t - 2 scrolls of fear
 u - a scroll of teleportation
 v - a scroll of remove curse
 D - a scroll of enchant armour {unknown}
Potions
 d - a potion of might
 i - a potion of agility {unknown}
 l - 2 potions of flight {unknown}
 m - a potion of heal wounds {unknown}
 o - 2 potions of brilliance
 p - a potion of berserk rage {unknown}
 q - a potion of haste {unknown}
 r - 2 potions of curing {unknown}
 s - a potion of degeneration {unknown}
Comestibles
 f - 5 rations


   Skills:
 + Level 5.9(5.2) Fighting
 + Level 6.8(6.1) Axes
 * Level 3.6(3.0) Slings
 + Level 6.0(5.3) Armour
 + Level 5.8(5.1) Shields
 + Level 1.3(0.7) Evocations


You had 7 spell levels left.
You didn't know any spells.
Your spell library contained the following spells:

 Spells                   Type           Power        Failure   Level  Hunger
 Confuse                  Hex            #.......     100%        3    ####...
 Tukima's Dance           Hex            #.......     100%        3    ####...
 Ensorcelled Hibernation  Hex/Ice        #.....       100%        2    ###....
 Corona                   Hex            #......      99%         1    ##.....
 Dazzling Spray           Conj/Hex       #.....       100%        3    ####...


Dungeon Overview and Level Annotations

Branches:
Dungeon (6/15)
 Temple: D:4-7

Altars:
Gozag
Qazlal
Vehumet

Shops:
D:5 [


Innate Abilities, Weirdness & Mutations

You reflexively headbutt those who attack you in melee.
You have a pair of horns on your head.


Message History

The orc warrior barely misses you. You block the orc warrior's attack.
You barely miss the orc warrior.
The orc warrior is moderately wounded.
The orc warrior hits you with a halberd!
You slash the orc warrior!
The orc warrior is severely wounded.
The orc warrior hits you with a halberd.
* * * LOW HITPOINT WARNING * * *
The orc warrior hits you with a halberd!
* * * LOW HITPOINT WARNING * * *
Your shield prevents you from hitting the orc warrior.
You headbutt the orc warrior.
The orc warrior is almost dead.
The orc warrior closely misses you.
The orc warrior hits you with a halberd.
* * * LOW HITPOINT WARNING * * *
You barely miss the orc warrior. You headbutt the orc warrior.
The orc warrior is almost dead.
The orc warrior hits you with a halberd!
You die...

..........#.....+
#############.....#
#.................#
#..............[..#
#.................#
##.................#
........############
........# .......@#
.......o#
........)()....
........#..(...
........#######
#########


You could see an orc warrior.

Vanquished Creatures
  A sky beast (D:6)
  An ice beast (D:5)
  A phantom (D:5)
  A scorpion (D:5)
  5 wights (D:6)
  A howler monkey (D:5)
  A centaur zombie (D:6)
  A centaur skeleton (D:5)
  A gnoll shaman (D:5)
  An orc priest (D:6)
  2 iguanas
  4 orc wizards
  3 worker ants (D:5)
  3 gnolls (D:5)
  6 adders
  An ooze (D:1)
  2 adder skeletons
  2 worms (D:2)
  5 dart slugs
  2 leopard geckos
  16 orcs
  2 giant cockroaches
  6 goblins
  4 hobgoblins
  7 jackals
  7 kobolds
  2 quokkas
  A ball python (D:3)
  12 bats
  3 frilled lizards
  A leopard gecko zombie (D:5)
  2 quokka skeletons
  A quokka zombie (D:4)
  4 rats
112 creatures vanquished.

Notes
Turn   | Place    | Note
-------+----------+-------------------------------------------
     0 | D:1      | Hebeh the Minotaur Fighter began the quest for the Orb.
     0 | D:1      | Reached XP level 1. HP: 19/19 MP: 0/0
   156 | D:1      | Reached XP level 2. HP: 21/27 MP: 1/1
   421 | D:1      | Reached XP level 3. HP: 30/33 MP: 2/2
  1251 | D:2      | Reached XP level 4. HP: 36/40 MP: 3/3
  1632 | D:3      | Found an opulent altar of Gozag.
  1742 | D:3      | Found a stormy altar of Qazlal.
  1742 | D:3      | Found a radiant altar of Vehumet.
  2150 | D:4      | Reached XP level 5. HP: 44/47 MP: 4/4
  2561 | D:5      | Entered Level 5 of the Dungeon
  2603 | D:5      | Got a transparent hunting sling
  2604 | D:5      | Identified the +6 hunting sling "Jinum" {venom, Int+2} (You found it on level 5 of the Dungeon)
  3204 | D:5      | Reached skill level 5 in Axes
  3211 | D:5      | Noticed a phantom
  3217 | D:5      | Reached XP level 6. HP: 55/55 MP: 5/5
  3230 | D:5      | Reached skill level 5 in Fighting
  3230 | D:5      | Reached skill level 1 in Slings
  3230 | D:5      | Reached skill level 5 in Armour
  3367 | D:5      | Noticed an ice beast
  3377 | D:5      | Killed an ice beast
  3377 | D:5      | Reached skill level 5 in Shields
  3419 | D:5      | Found Deerr's Armour Emporium.
  3489 | D:5      | Reached XP level 7. HP: 61/61 MP: 6/6
  4224 | D:6      | Reached skill level 1 in Evocations
  4386 | D:6      | Reached XP level 8. HP: 63/70 MP: 7/7
  4534 | D:6      | Slain by an orc warrior

Vault maps used:
D:1:      minmay_arrival_doors, minmay_gold_behind_fungi
D:3:      gammafunk_temple_overflow_statue, st_stairs_13,
          nicolae_gozag_cash_rules_everything_around_me
D:5:      first_ration, serial_shops, nicolae_shop_trees
D:6:      lightli_temple_of_fire, nicolae_overflow_crystal_walls,
          portal_sewer_entry_c

Skill      XL: |  1  2  3  4  5  6  7  8 |
---------------+-------------------------+-----
Axes           | 3 4 5 6 |  6.8
Armour         | 4 5 6 |  6.0
Fighting       | 4 5 |  5.9
Shields        | 4 5 |  5.8
Slings         | 1 3 |  3.6
Evocations     | 1 |  1.3

Action                   |  1- 3 |  4- 6 |  7- 9 || total
-------------------------+-------+-------+-------++-------
Melee: War axe           |    84 |    88 |    33 ||   205
       Headbutt          |    12 |     8 |     5 ||    25
       Mace              |       |     9 |       ||     9
 Fire: Hunting sling     |       |    33 |    64 ||    97
  Use: Scroll            |       |     3 |     4 ||     7
  Eat: Chunk             |     1 |     5 |       ||     6
       Ration            |       |     1 |     1 ||     2
Armor: Scale mail        |    37 |    47 |    24 ||   108
Dodge: Dodged            |    36 |    33 |    37 ||   106
Block: Shield            |    41 |    56 |    44 ||   141

Table legend:
 A = Spawn XP
 B = Non-spawn XP
 C = Spawn XP percentage of total XP
 D = Spawn monster count
 E = Non-spawn monster count
 F = Spawn count percentage of total count
 G = Total turns spent on level
                    A         B        C        D         E        F      G
               +---------+---------+-------+---------+---------+-------+---------
         Total |       0 |    1603 |   0.0 |       0 |     112 |   0.0 |  4534
               +---------+---------+-------+---------+---------+-------+---------
           D:1 |       0 |      58 |   0.0 |       0 |      28 |   0.0 |   814
           D:2 |       0 |      58 |   0.0 |       0 |      16 |   0.0 |   590
           D:3 |       0 |      55 |   0.0 |       0 |      13 |   0.0 |   755
           D:4 |       0 |     117 |   0.0 |       0 |      13 |   0.0 |   923
           D:5 |       0 |     715 |   0.0 |       0 |      28 |   0.0 |   800
           D:6 |       0 |     600 |   0.0 |       0 |      14 |   0.0 |   652
               +---------+---------+-------+---------+---------+-------+---------
